 Dungeon Crawl Stone Soup version 0.29.0-4-gdea44cf6ec (webtiles) character file.

Game seed: 12570526845040567447

44488 inmateoo the Basher (level 14, -2/88 HPs)
             Began as a Gargoyle Fighter on Aug 27, 2022.
             Was a High Priest of Okawaru.
             Killed from afar by a starcursed mass (7 damage)
             ... with an accursed screaming
             ... on level 2 of the Abyss.
             The game lasted 00:23:46 (23158 turns).

inmateoo the Basher (Gargoyle Fighter)             Turns: 23158, Time: 00:23:47

Health: -2/88      AC: 40    Str: 22    XL:     14   Next: 28%
Magic:  20/20      EV:  6    Int: 10    God:    Okawaru [*****.]
Gold:   738        SH: 18    Dex: 11    Spells: 13/13 levels left

rFire   + + .      SeeInvis .   s - +2 morningstar (protect)
rCold   . . .      Faith    .   f - +2 tower shield
rNeg    + . .      Spirit   .   b - +4 plate armour {rF+}
rPois   ∞          Reflect  .   (no helmet)
rElec   +          Harm     .   o - +0 cloak
rCorr   +          Rampage  .   g - +1 pair of gloves
Will    +....                   (no boots)
Stlth   ..........              (no amulet)
HPRegen 0.24/turn               C - ring of protection from fire
MPRegen 0.17/turn               m - ring of resist corrosion

@: under a protective aura, flying
A: sickness immunity, AC +10, big wings, negative energy resistance 1,
electricity resistance, torment resistance 1, petrification resistance
a: Renounce Religion, Heroism, Finesse, Duel


You were on level 2 of the Abyss.
You worshipped Okawaru.
Okawaru was extremely pleased with you.
You visited 2 branches of the dungeon, and saw 15 of its levels.
You visited the Abyss 1 time.

You collected 738 gold pieces.

Inventory:

Hand Weapons
 s - a +2 morningstar of protection (weapon)
Missiles
 r - a throwing net (quivered)
Armour
 b - a +4 plate armour of fire resistance (worn)
 f - a +2 tower shield (worn)
 g - a +1 pair of gloves (worn)
 o - a +0 cloak (worn)
 z - the +5 chain mail of the Gardener {*Slow Will++ Str+4}
   (Okawaru gifted it to you on level 12 of the Dungeon)

   Str:       It affects your strength (+4).
   *Slow:     It may slow you when you take damage.
   Will:      It greatly increases your willpower.
Jewellery
 k - a ring of positive energy
 m - a ring of resist corrosion (right hand)
 t - a +6 ring of strength
 x - an amulet of magic regeneration
 B - a ring of magical power
 C - a ring of protection from fire (left hand)
 H - a ring of magical power
Wands
 c - a wand of digging (6)
 n - a wand of flame (18)
 E - a wand of polymorph (5)
Scrolls
 e - 5 scrolls of enchant armour
 h - 3 scrolls of blinking
 j - 2 scrolls of brand weapon
 p - 4 scrolls of identify
 q - 2 scrolls of magic mapping
 u - 2 scrolls of poison
 y - 4 scrolls of fear
 F - a scroll of amnesia
Potions
 a - a potion of mutation
 i - 5 potions of magic
 v - a potion of haste
 A - a potion of invisibility
 D - a potion of ambrosia
 G - a potion of flight


   Skills:
 + Level 10.6 Fighting
 * Level 13.1 Maces & Flails
 + Level 10.6 Armour
 + Level 7.8 Dodging
 + Level 10.8 Shields
 + Level 9.3 Invocations
 - Level 5.0 Evocations


You had 13 spell levels left.
You didn't know any spells.
Your spell library contained the following spells:

 Spells                   Type           Power      Damage    Failure   Level
 Foxfire                  Conj/Fire      0%         2x1d4     100%        1
 Magic Dart               Conj           0%         1d3       100%        1
 Necrotise                Necr           0%         1d4       100%        1
 Poisonous Vapours        Pois/Air       0%         N/A       100%        2
 Searing Ray              Conj           0%         2d4       100%        2
 Conjure Flame            Conj/Fire      0%         6-21      100%        3
 Dazzling Flash           Conj/Hex       0%         N/A       100%        3
 Gell's Gravitas          Tloc           0%         N/A       100%        3
 Ignite Poison            Fire/Tmut/Pois 0%         N/A       100%        3
 Inner Flame              Hex/Fire       0%         N/A       100%        3
 Lesser Beckoning         Tloc           0%         N/A       100%        3
 Mephitic Cloud           Conj/Pois/Air  0%         N/A       100%        3
 Teleport Other           Tloc           0%         N/A       100%        3
 Vampiric Draining        Necr           0%         2d6       100%        3
 Cause Fear               Hex            0%         N/A       100%        4
 Corpse Rot               Necr/Pois/Air  0%         N/A       100%        4
 Flame Wave               Conj/Fire      0%         2d4       100%        4
 Fulminant Prism          Conj/Hex       0%         3d6       100%        4
 Iskenderun's Mystic Bla  Conj/Tloc      0%         2d3       100%        4
 Passage of Golubria      Tloc           0%         N/A       100%        4
 Agony                    Necr           0%         N/A       100%        5
 Alistair's Intoxication  Tmut/Pois      0%         N/A       100%        5
 Borgnjor's Vile Clutch   Necr/Erth      0%         N/A       100%        5
 Freezing Cloud           Conj/Ice/Air   0%         6-21      100%        5
 Iskenderun's Battlesphe  Conj           0%         2d6       100%        5
 Yara's Violent Unravell  Hex/Tmut       0%         3d3       100%        5
 Eringya's Noxious Bog    Tmut/Pois      0%         N/A       100%        6
 Iron Shot                Conj/Erth      0%         9d1       100%        6
 Starburst                Conj/Fire      0%         6d3       100%        6
 Discord                  Hex            0%         N/A       100%        8
 Tukima's Dance           Hex            Unusable   N/A       N/A         3
 Spellforged Servitor     Conj/Summ      Unusable   N/A       N/A         7

Dungeon Overview and Level Annotations

Branches:
Dungeon (14/15)            Temple (1/1) D:5            Lair (0/5) D:8
    Orc (0/2) D:11
 Vaults: D:13-14

Altars:
Ashenzari
Cheibriados
Dithmenos
Elyvilon
Fedhas
Gozag
Hepliaklqana
Kikubaaqudgha
Makhleb
Nemelex Xobeh
Okawaru
Qazlal
Ru
Sif Muna
Trog
Uskayaw
Vehumet
Wu Jian
Xom
Yredelemnul
Zin
The Shining One

Annotations:
D:4 2 transporters
D:6 3 runed translucent doors, diana's ghost, novice OpTm
D:9 2 transporters
D:12 1 runed translucent door


Innate Abilities, Weirdness & Mutations

You are immune to sickness and miasma.
Your stone body is resilient. (AC +10)
You are immune to poison.
Your large and strong wings let you fly.
You resist negative energy. (rN+)
You are resistant to electric shocks. (rElec)
You are resistant to unholy torment.
You are immune to petrification.


Message History

The starcursed mass shrieks in your mind.
You hit the starcursed mass.
Your weapon exudes an aura of protection.
The starcursed mass is lightly damaged.
A starcursed mass splits.
You puncture the starcursed mass!
The starcursed mass is lightly damaged.
The starcursed mass shudders and is absorbed by its neighbour.
You sock the starcursed mass!
The starcursed mass is lightly damaged.
The starcursed mass shrieks in your mind.
* * * LOW HITPOINT WARNING * * *
You hit the starcursed mass but do no damage.
The starcursed mass is lightly damaged.
A starcursed mass splits.
You sock the starcursed mass!
The starcursed mass is moderately damaged.
The starcursed mass shudders and is absorbed by its neighbour.
You puncture the starcursed mass!
The starcursed mass is moderately damaged.
The starcursed mass shrieks in your mind.
* * * LOW HITPOINT WARNING * * *
You sock the starcursed mass!
The starcursed mass is moderately damaged.
The starcursed mass shrieks in your mind.
* * * LOW HITPOINT WARNING * * *
You puncture the starcursed mass!
The starcursed mass is moderately damaged.
A starcursed mass splits.
You hit the starcursed mass.
The starcursed mass is heavily damaged.
The starcursed mass shudders and is absorbed by its neighbour.
You impale the starcursed mass!!
The starcursed mass is heavily damaged.
The starcursed mass shrieks in your mind.
* * * LOW HITPOINT WARNING * * *
You hit the starcursed mass but do no damage.
The starcursed mass is heavily damaged.
The starcursed mass shrieks in your mind.
You die...

####.. .#.
# . # #..
..# . .#
.§X ....
##.#. ...
.# ..#.# #.
~..#.. ....
#.~. .. ..
#.. ### #
..... #.#X#
#~.~.....
#@#.. ....
..
#.§.#.....
.##
##......
##.
..#..#..
##.#......
#.#........
.## .....
#.#......


You could see a starcursed mass.

Vanquished Creatures
  4 hydras
  Harold (D:11)
  An ice dragon (D:14)
  4 boulder beetles
  A vault guard (D:14)
  Erolcha (D:9)
  3 centaur warriors
  10 two-headed ogres
  2 tengu warriors
  A bunyip zombie (Abyss:2)
  A flayed ghost (D:14)
  A harpy (D:12)
  A deep elf pyromancer (D:11)
  2 necromancers (D:14)
  A manticore (D:14)
  9 ugly things
  3 cyclopes
  Maurice (D:9)
  An orc knight (D:13)
  4 gargoyles
  4 efreet
  Psyche (D:10)
  2 kobold demonologists
  4 tengu conjurers
  A freezing wraith (D:14)
  5 trolls
  2 hornets (D:10)
  Grinder (D:4)
  5 slime creatures
  Prince Ribbit (D:5)
  Sigmund (D:3)
  A centaur simulacrum (D:14)
  4 water elementals (D:12)
  2 wraiths
  8 yaks
  3 shadows (D:11)
  5 vampires
  10 humans (D:14)
  3 basilisks
  3 wyverns
  4 vampire mosquitoes (D:14)
  2 steam dragons
  A warg (D:13)
  3 acid dragons (D:10)
  A water moccasin (D:7)
  A floating eye (shapeshifter) (D:13)
  A swamp drake (D:11)
  2 black bears
  A sky beast (D:6)
  7 orc warriors
  6 centaurs
  A centaur (shapeshifter) (D:14)
  3 ogres
  A phantom (D:5)
  12 kobold brigands
  4 bullfrogs
  A necrophage (D:7)
  2 gnoll sergeants (D:10)
  3 scorpions
  9 wights
  14 killer bees
  6 howler monkeys
  5 electric eels (D:12)
  A crimson imp (D:6)
  3 jellies
  3 gnoll boudas
  10 orc priests
  3 hounds
  Crazy Yiuf (D:3)
  Jessica (D:3)
  Ijyb (D:5)
  8 orc wizards
  3 iguanas
  22 gnolls
  4 adders
  A shadow imp (D:6)
  A white imp (D:6)
  3 ufetubi
  3 worms
  4 dart slugs
  37 orcs
  7 ball pythons
  5 endoplasms
  6 giant cockroaches
  4 goblins
  7 hobgoblins
  20 kobolds
  2 quokkas
  A bat (D:1)
  A frilled lizard (D:2)
  4 rats
374 creatures vanquished.

Vanquished Creatures (others)
  4 fungi
  56 plants
60 creatures vanquished.

Grand Total: 434 creatures vanquished

Notes
Turn   | Place    | Note
-------+----------+-------------------------------------------
     0 | D:1      | inmateoo the Gargoyle Fighter began the quest for the Orb.
     0 | D:1      | Reached XP level 1. HP: 14/14 MP: 1/1
   267 | D:1      | Reached XP level 2. HP: 19/19 MP: 2/2
   425 | D:1      | Found a faded altar of an unknown god.
  1305 | D:2      | Reached XP level 3. HP: 23/23 MP: 3/3
  1928 | D:3      | Found a broken altar of Ashenzari.
  1940 | D:3      | Noticed Sigmund
  1967 | D:3      | HP: 1/24 [something (3)]
  1970 | D:3      | Killed Sigmund
  1971 | D:3      | Reached skill level 3 in Maces & Flails
  1971 | D:3      | Reached skill level 1 in Dodging
  1971 | D:3      | Reached XP level 4. HP: 1/29 MP: 4/4
  1971 | D:3      | Reached XP level 5. HP: 2/33 MP: 5/5
  2300 | D:3      | Reached XP level 6. HP: 38/38 MP: 6/6
  2516 | D:3      | Noticed Jessica
  2529 | D:3      | Killed Jessica
  2715 | D:3      | Found a runed translucent door.
  2716 | D:3      | Noticed Crazy Yiuf
  2976 | D:3      | Killed Crazy Yiuf
  2977 | D:3      | Reached skill level 4 in Maces & Flails
  3234 | D:4      | Noticed Grinder
  3415 | D:4      | Paralysed by Grinder for 3 turns
  3425 | D:4      | Killed Grinder
  3426 | D:4      | Reached XP level 7. HP: 32/44 MP: 7/7
  3726 | D:4      | Found a transporter.
  4213 | D:4      | Reached skill level 5 in Maces & Flails
  4292 | D:4      | Found a transporter.
  4570 | D:5      | Entered Level 5 of the Dungeon
  4608 | D:5      | Reached skill level 5 in Fighting
  4608 | D:5      | Reached skill level 5 in Armour
  4615 | D:5      | Reached skill level 5 in Shields
  4757 | D:5      | Reached XP level 8. HP: 42/49 MP: 8/8
  4851 | D:5      | Found a staircase to the Ecumenical Temple.
  4862 | Temple   | Entered the Ecumenical Temple
  4875 | Temple   | Became a worshipper of Warmaster Okawaru
  4946 | D:5      | Found a snail-covered altar of Cheibriados.
  4961 | D:5      | Noticed Prince Ribbit
  4968 | D:5      | Killed Prince Ribbit
  4968 | D:5      | Reached * piety under Okawaru
  4969 | D:5      | Reached skill level 1 in Invocations
  4980 | D:5      | Reached skill level 6 in Maces & Flails
  4980 | D:5      | Reached skill level 1 in Evocations
  5358 | D:5      | Noticed Ijyb
  5365 | D:5      | Killed Ijyb
  5706 | D:6      | Found a runed translucent gate.
  5706 | D:6      | Found an opulent altar of Gozag.
  5707 | D:6      | Found a runed translucent gate.
  5707 | D:6      | Found a runed translucent gate.
  5721 | D:6      | Reached XP level 9. HP: 12/55 MP: 10/10
  6276 | D:5      | Reached ** piety under Okawaru
  6787 | D:6      | Noticed a white ugly thing
  6787 | D:6      | Noticed diana's ghost (novice OpTm)
  6788 | D:6      | Noticed a cyclops
  7182 | D:6      | Found a hide-covered altar of Uskayaw.
  7184 | D:6      | Found a white marble altar of Elyvilon.
  7190 | D:6      | Found a stormy altar of Qazlal.
  7193 | D:6      | Found a glowing golden altar of the Shining One.
  7197 | D:6      | Found a burning altar of Makhleb.
  7201 | D:6      | Found a radiant altar of Vehumet.
  7450 | D:7      | Reached skill level 7 in Maces & Flails
  7549 | D:7      | Found a shadowy altar of Dithmenos.
  7688 | D:7      | Found a bloodstained altar of Trog.
  7725 | D:7      | Identified the +0 ring mail of Ignis's Castigation {rPois
                  | rC++ Str-3 Dex+3}
  8081 | D:8      | Reached *** piety under Okawaru
  8082 | D:8      | Reached XP level 10. HP: 36/61 MP: 12/12
  8622 | D:8      | Reached skill level 8 in Maces & Flails
  8718 | D:8      | Found a staircase to the Lair.
  9193 | D:8      | Reached **** piety under Okawaru
  9245 | D:8      | Noticed a kobold demonologist
  9254 | D:8      | Killed a kobold demonologist
  9340 | D:8      | Found an ancient bone altar of Kikubaaqudgha.
  9418 | D:9      | Noticed Maurice
  9459 | D:9      | Killed Maurice
  9635 | D:9      | Noticed a cyan ugly thing
  9639 | D:9      | Found a transporter.
  9639 | D:9      | Found a transporter.
  9639 | D:9      | Noticed a manticore
  9639 | D:9      | Noticed a gargoyle
  9659 | D:9      | Found an ornate altar of the Wu Jian Council.
  9690 | D:9      | Reached skill level 5 in Invocations
  9700 | D:9      | Reached ***** piety under Okawaru
  9713 | D:9      | Reached skill level 5 in Dodging
  9713 | D:9      | Reached XP level 11. HP: 31/67 MP: 14/14
 10084 | D:9      | Noticed Erolcha
 10091 | D:9      | Killed Erolcha
 10092 | D:9      | Reached skill level 9 in Maces & Flails
 10948 | D:10     | Entered Level 10 of the Dungeon
 10973 | D:10     | Noticed Psyche
 10980 | D:10     | Killed Psyche
 11387 | D:10     | Noticed a two-headed ogre
 11393 | D:10     | Killed a two-headed ogre
 11393 | D:10     | Received a gift from Okawaru
 11524 | D:10     | Noticed a two-headed ogre
 11535 | D:10     | Killed a two-headed ogre
 11546 | D:10     | Received a gift from Okawaru
 11723 | D:10     | Noticed a cyan ugly thing
 11724 | D:10     | Noticed a boulder beetle
 11725 | D:10     | Noticed a purple ugly thing
 11725 | D:10     | Noticed a cyclops
 11731 | D:10     | Killed a cyan ugly thing
 11752 | D:10     | Killed a cyclops
 11753 | D:10     | Reached skill level 10 in Maces & Flails
 11757 | D:10     | Killed a purple ugly thing
 11758 | D:10     | Reached skill level 5 in Evocations
 11774 | D:10     | Killed a boulder beetle
 11775 | D:10     | Reached XP level 12. HP: 69/75 MP: 16/16
 11807 | D:10     | Identified the +1 falchion "Cone" {elec, Str+2}
 12061 | D:10     | Received a gift from Okawaru
 12265 | D:10     | Noticed a two-headed ogre
 12269 | D:10     | Noticed a two-headed ogre
 12284 | D:10     | Killed a two-headed ogre
 12284 | D:10     | Identified the +1 buckler of Fiti {rElec rC+ Str+4 Dex-3}
                  | (Okawaru gifted it to you on level 10 of the Dungeon)
 12284 | D:10     | Received a gift from Okawaru
 12291 | D:10     | Noticed a two-headed ogre
 12303 | D:10     | Killed a two-headed ogre
 12307 | D:10     | Killed a two-headed ogre
 13324 | D:11     | Noticed a two-headed ogre
 13341 | D:11     | HP: 2/75 [two-headed ogre/+0 giant spiked club (18)]
 13668 | D:10     | Killed a two-headed ogre
 13669 | D:10     | Reached skill level 11 in Maces & Flails
 13915 | D:11     | Noticed Harold
 13972 | D:11     | Killed Harold
 13997 | D:11     | Noticed a two-headed ogre
 14011 | D:11     | Killed a two-headed ogre
 14521 | D:11     | Found a staircase to the Orcish Mines.
 14704 | D:12     | Noticed Nessos
 14705 | D:12     | Noticed Nessos
 14705 | D:12     | Nessos changed into Nessos the salamander
 14707 | D:12     | Noticed Nessos
 14707 | D:12     | Nessos the salamander changed into Nessos the harpy
 14736 | D:12     | Killed Nessos the harpy
 14958 | D:12     | Noticed an eight-headed hydra
 14979 | D:12     | Killed an eight-headed hydra
 15331 | D:12     | Reached XP level 13. HP: 80/80 MP: 18/18
 15519 | D:12     | Found a runed translucent door.
 15519 | D:12     | Noticed a yaktaur captain
 15520 | D:12     | Noticed a fire giant
 16217 | D:12     | Identified the +5 chain mail of the Gardener {*Slow Will++
                  | Str+4} (Okawaru gifted it to you on level 12 of the
                  | Dungeon)
 16217 | D:12     | Received a gift from Okawaru
 17717 | D:13     | Reached skill level 12 in Maces & Flails
 18342 | D:13     | Reached skill level 10 in Shields
 19209 | D:13     | Paralysed by a floating eye for 4 turns
 19581 | D:13     | Reached skill level 10 in Fighting
 19581 | D:13     | Reached skill level 10 in Armour
 20604 | D:14     | Noticed an ice dragon
 20641 | D:14     | Killed an ice dragon
 20651 | D:14     | Identified the +1 swamp dragon scales "Fasogest" {rPois rC+
                  | Str+3} (Okawaru gifted it to you on level 14 of the
                  | Dungeon)
 20651 | D:14     | Received a gift from Okawaru
 21433 | D:14     | Gained mutation: Your large and strong wings let you fly.
                  | [Gargoyle growth]
 21433 | D:14     | Reached XP level 14. HP: 88/88 MP: 20/20
 22223 | D:14     | Reached skill level 13 in Maces & Flails
 22903 | Abyss:2  | Cast into level 2 of the Abyss (a wizard)
 22958 | Abyss:2  | Noticed a bone dragon
 23073 | Abyss:2  | Noticed a starcursed mass
 23082 | Abyss:2  | Noticed a starcursed mass
 23098 | Abyss:2  | Noticed a starcursed mass
 23137 | Abyss:2  | Noticed a starcursed mass
 23157 | Abyss:2  | HP: 4/88 [starcursed mass/accursed screaming (8)]
 23158 | Abyss:2  | Killed from afar by a starcursed mass

Illustrated notes

Levels and vault maps discovered:
D:1:      minmay_arrival_split_and_join, layout_basic,
          shapermc_ecumenical_altar_acropolis, chequers_serial_rivers_room_b,
          palyth_stone_intersect, serial_bayou_pond_d, minmay_misc_feat_chi,
          roderic_filled_cross
D:2:      layout_basic
D:3:      layout_basic, mainiacjoe_overflow_surrounded_room,
          nicolae_elevator_lobby_plus, uniq_jessica, uniq_sigmund,
          uniq_crazy_yiuf_cottage
D:4:      gammafunk_cloud_chamber, layout_basic, dreamdust_gnoll_farm,
          uniq_grinder
D:5:      layout_rooms, kennysheep_slug_shrine,
          minmay_temple_entry_proselytizer, uniq_prince_ribbit1, uniq_ijyb
D:6:      layout_cave_pools, nicolae_overflow_hallway_of_the_gods, serial_park,
          serial_park_tiny_pond, serial_park_tiny_1, serial_park_tiny_1,
          serial_park_square2, ebering_ghost_gozag, minmay_fire_ice_demons
D:7:      layout_gridville, grunt_dithmenos_smoke, lemuel_doored_altar
D:8:      layout_rooms, kiku_gazebo_pond_becter, david_lair_generic,
          special_room [special_room_kobold]
D:9:      layout_gridville, gammafunk_temple_overflow_arena, uniq_maurice,
          uniq_erolcha
D:10:     minmay_the_grid_net [minmay_the_grid_minigrid_large,
          minmay_the_grid_paths, minmay_the_grid_embedded,
          minmay_the_grid_medium_cups, minmay_the_grid_minigrid_medium,
          minmay_the_grid_prize_trominoes], layout_grid_maze, uniq_psyche
D:11:     layout_irregular_city, erik_orc_1, uniq_harold
D:12:     layout_grid_maze, serial_bayou, serial_bayou_lagoon_a,
          serial_bayou_shore_b, serial_bayou_lake_a, serial_bayou_ford_a,
          kennysheep_treasure_room, uniq_nessos
D:13:     layout_irregular_city, minmay_misc_feat_columns
D:14:     minmay_ornate_pinched, layout_basic, grunt_vaults_entry_tiered,
          nicolae_water_bricks
Temple:   hellmonk_temple_rainy
Abyss:2:  base:
D:4

Skill      XL: |  1  2  3  4  5  6  7  8  9 10 11 12 13 14 |
---------------+-------------------------------------------+-----
Fighting       | 4 5 6 7 8 9 10 | 10.6
Maces & Flails | 3 4 5 6 7 8 10 11 12 13 | 13.1
Armour         | 4 5 6 7 8 9 10 | 10.6
Dodging        | 1 2 3 4 5 6 7 |  7.8
Shields        | 4 5 6 7 8 9 10 | 10.8
Invocations    | 2 3 5 6 7 9 |  9.3
Evocations     | 1 3 4 5 |  5.0

Action                   |  1- 3 |  4- 6 |  7- 9 | 10-12 | 13-15 || total
-------------------------+-------+-------+-------+-------+-------++-------
Melee: Flail             |   122 |    75 |    34 |       |       ||   231
       Morningstar       |       |       |   341 |   790 |   736 ||  1867
Throw: Throwing net      |       |       |       |     4 |       ||     4
Invok: Heroism           |       |       |       |     8 |    11 ||    19
       Finesse           |       |       |       |       |     2 ||     2
Evoke: Wand              |       |    10 |     2 |    40 |    11 ||    63
  Use: Potion            |     3 |       |     1 |     4 |     6 ||    14
       Scroll            |       |       |    19 |     6 |     8 ||    33
 Stab: Held in net/web   |       |       |       |     1 |       ||     1
Armor: Scale mail        |    60 |    30 |   156 |       |       ||   246
       Chain mail        |       |       |    92 |       |       ||    92
       Plate armour      |       |       |    46 |   614 |   495 ||  1155
Dodge: Dodged            |    23 |    21 |   109 |   163 |   155 ||   471
Block: Tower shield      |    99 |    52 |   397 |   923 |   679 ||  2150
